 Dungeon Crawl Stone Soup version 0.30-a0-373-gd37427bb62 (webtiles) character file.

Game seed: 13419946406171230372

1 greenreed the Caller (level 1, 0/10 HPs)
             Began as a Deep Elf Summoner on Nov 24, 2022.
             Slain by a hobgoblin (3 damage)
             ... on level 1 of the Dungeon.
             The game lasted 00:00:16 (223 turns).

greenreed the Caller (Deep Elf Summoner)             Turns: 223, Time: 00:00:16

Health: 0/10       AC:  2    Str:  5    XL:     1   Next: 16%
Magic:  2/6        EV: 12    Int: 19    God:
Gold:   56         SH:  0    Dex: 15    Spells: 5/6 levels left

rFire   . . .      SeeInvis .    (no weapon)
rCold   . . .      Faith    .    (no shield)
rNeg    . . .      Spirit   .    a - +0 robe
rPois   .          Reflect  .    (no helmet)
rElec   .          Harm     .    (no cloak)
rCorr   .          Rampage  .    (no gloves)
Will    .....                    (no boots)
Stlth   ++........               (no amulet)
HPRegen 0.21/turn                (no ring)
MPRegen 0.10/turn                (no ring)

@: no status effects
A: no striking features
a: no special abilities


You were on level 1 of the Dungeon.
You visited 1 branch of the dungeon, and saw 1 of its levels.

You collected 56 gold pieces.

Inventory:

Armour
 a - a +0 robe (worn)
Scrolls
 c - a scroll of magic mapping {unknown}
 e - a scroll of identify {unknown}
Potions
 b - a potion of magic
 d - 2 potions of mutation {unknown}


   Skills:
 + Level 2.4 Dodging
 + Level 2.4 Stealth
 + Level 3.0 Spellcasting
 + Level 4.4 Summonings


You had 5 spell levels left.
You knew the following spells:

 Your Spells              Type           Power      Damage    Failure   Level
a - Summon Small Mammal   Summ           76%        N/A       2%          1

Your spell library contained the following spells:

 Spells                   Type           Power      Damage    Failure   Level
 Call Imp                 Summ           19%        N/A       3%          2
 Call Canine Familiar     Summ           19%        N/A       8%          3
 Summon Guardian Golem    Hex/Summ       11%        N/A       19%         3
 Summon Lightning Spire   Summ/Air       11%        N/A       52%         4


Dungeon Overview and Level Annotations

Branches:
Dungeon (1/15)

Altars:


Message History

Found a stone staircase leading down.
The hobgoblin shouts!
A hobgoblin comes into view.
The hobgoblin shouts!
Your rat disappears in a puff of smoke!
An endoplasm comes into view.
The hobgoblin hits your rat.
Your rat dies!
Your rat's corpse disappears in a puff of smoke!
The hobgoblin barely misses your rat. The hobgoblin closely misses your rat.
Your rat bites the hobgoblin.
You swap places.
Your bat hits the hobgoblin.
Your rat completely misses the hobgoblin.
The hobgoblin attacks as you move away!
The hobgoblin hits you but does no damage.
Your bat closely misses the hobgoblin.
Your rat bites the hobgoblin.
Your rat disappears in a puff of smoke!
The endoplasm hits your bat.
Your bat dies!
Your bat's corpse disappears in a puff of smoke!
The hobgoblin hits you.
The hobgoblin closely misses your quokka.
The hobgoblin attacks as you move away! The hobgoblin hits you.
The hobgoblin misses your quokka.
Your quokka bites the hobgoblin but does no damage.
Your quokka closely misses the hobgoblin.
The hobgoblin completely misses your quokka.
The endoplasm barely misses your quokka.
You are too injured to fight recklessly!
You barely miss the hobgoblin.
The hobgoblin is lightly wounded.
Your quokka bites the hobgoblin.
The hobgoblin hits you.
* * * LOW HITPOINT WARNING * * *
The hobgoblin barely misses your quokka.
The endoplasm closely misses your quokka.
Casting: Summon Small Mammal (safe; 2% risk of failure)
Confirm with . or Enter, or press ? or * to list all spells.
Your quokka closely misses the hobgoblin.
The hobgoblin hits you.
You die...

.....#
.....+
#....##.#
#gJ>....#
#r# #.#
#b# #g#
#@# #.#
#.# #.#
#.# ##
#.# .##
##.# ..##
###..#
...##
####...##


You could see an endoplasm, 2 hobgoblins, a friendly quokka (summoned) and a
friendly bat (summoned).

Vanquished Creatures (collateral kills)
  An endoplasm (D:1)
1 creature vanquished.

Notes
Turn   | Place    | Note
-------+----------+-------------------------------------------
     0 | D:1      | greenreed the Deep Elf Summoner began the quest for the
                  | Orb.
     0 | D:1      | Reached XP level 1. HP: 10/10 MP: 6/6
   223 | D:1      | Slain by a hobgoblin

Illustrated notes

Levels and vault maps discovered:
D:1:      kilobyte_arrival_exit_the_forest, layout_basic, nrook_loot_triangle,
          supply_closet_lemuel, corexii_hall_statues_i

Action                   || total
-------------------------++-------
Melee: Unarmed           ||     1
 Cast: Summon Small Mamm ||     7
Armor: Robe              ||     1

Table legend: (Time is in decaauts)
 A = Elapsed time spent in this place.
 B = Non-inter-level travel time spent in this place.
 C = Inter-level travel time spent in this place.
 D = Time resting spent in this place.
 E = Time spent auto-exploring this place.
 F = Levels seen in this place.
 G = Mean time per level.
                   A        B        C        D        E       F      G
               +--------+--------+--------+--------+--------+-----+--------+
         Total |    224 |    224 |      0 |      0 |    202 |   1 |  224.0 |
       Dungeon |    224 |    224 |      0 |      0 |    202 |   1 |  224.0 |
               +--------+--------+--------+--------+--------+-----+--------+

Top non-repeatable levels by time:
     D:1: 224 daAuts
